 Dungeon Crawl Stone Soup version 0.23.2-33-g5129a83184 (webtiles) character file.

Game seed: 9459266835127325039

231 Meegle the Firebug (level 5, -2/28 HPs)
             Began as a Deep Elf Fire Elementalist on July 19, 2019.
             Was an Initiate of Vehumet.
             Slain by Grinder (3 damage)
             ... on level 4 of the Dungeon.
             The game lasted 00:10:17 (4648 turns).

Meegle the Firebug (Deep Elf Fire Elementalist)     Turns: 4648, Time: 00:10:18

Health: -2/28      AC:  2    Str:  5    XL:     5   Next: 73%
Magic:  10/14      EV: 14    Int: 21    God:    Vehumet [......]
Gold:   167        SH:  0    Dex: 15    Spells: 3/13 levels left

rFire    . . .     SeeInvis .   (no weapon)
rCold    . . .     Gourm    .   (no shield)
rNeg     . . .     Faith    .   a - +0 robe
rPois    .         Spirit   .   (no helmet)
rElec    .         Reflect  .   (no cloak)
rCorr    .         Harm     .   (no gloves)
MR       .....                  (no boots)
Stlth    ++........             (no amulet)
HPRegen  0.09/turn              (no ring)
MPRegen  0.14/turn              (no ring)

@: no status effects
A: no striking features
a: Renounce Religion


You were on level 4 of the Dungeon.
You worshipped Vehumet.
Vehumet was noncommittal.
You were very hungry.

You visited 2 branches of the dungeon, and saw 5 of its levels.

You collected 167 gold pieces.

Inventory:

Armour
 a - a +0 robe (worn)
 i - a +1 helmet
 q - a +0 pair of gloves
 t - a +0 pair of boots
Jewellery
 d - an uncursed ring of flight {unknown}
 f - a cursed ring of attention {unknown}
 j - an uncursed amulet of regeneration {unknown}
 p - an uncursed ring of positive energy {unknown}
 s - a cursed ring of attention {unknown}
 v - a +4 ring of dexterity {unknown}
Wands
 o - a wand of enslavement (9)
 w - a wand of digging (3)
Scrolls
 b - 2 scrolls of magic mapping {unknown}
 e - 5 scrolls of remove curse {unknown}
 h - a scroll of fear {unknown}
 k - 2 scrolls of amnesia {unknown}
 l - 5 scrolls of teleportation {unknown}
 m - 5 scrolls of identify {unknown}
 r - 3 scrolls of fog {unknown}
 x - a scroll of blinking {unknown}
Potions
 g - a potion of magic {unknown}
 n - a potion of curing {unknown}
 u - a potion of flight {unknown}
Comestibles
 c - 7 rations


   Skills:
 + Level 0.4 Fighting
 + Level 3.4 Dodging
 + Level 2.8 Stealth
 + Level 4.8 Spellcasting
 + Level 2.8 Conjurations
 + Level 4.9 Fire Magic


You had 3 spell levels left.
You knew the following spells:

 Your Spells              Type           Power        Failure   Level  Hunger
a - Flame Tongue          Conj/Fire      ###..        2%          1    None
b - Throw Flame           Conj/Fire      ###...       3%          2    None
c - Conjure Flame         Conj/Fire      ###.....     7%          3    ##.....
d - Sticky Flame          Conj/Fire      ###.....     22%         4    ####...

Your spell library contained the following spells:

 Spells                   Type           Power        Failure   Level  Hunger
 Inner Flame              Hex/Fire       ###.....     12%         3    ##.....
 Fireball                 Conj/Fire      ###.......   52%         5    #####..


Dungeon Overview and Level Annotations

Branches:
Dungeon (4/15)             Temple (1/1) D:4

Altars:
Ashenzari
Cheibriados
Dithmenos
Elyvilon
Gozag
Hepliaklqana
Kikubaaqudgha
Makhleb
Nemelex Xobeh
Okawaru
Qazlal
Ru
Sif Muna
Uskayaw
Vehumet
Wu Jian
Xom
Yredelemnul
Zin
The Shining One

Annotations:
D:2 exclusion: sky beast
D:4 Grinder


Message History

Level annotation: Grinder Grinder gestures at you.
Pain shoots through your body! Grinder gestures at you.
Pain shoots through your body!
There is a staircase to the Ecumenical Temple here.
Grinder says, "DUCK!"
Grinder blinks!
There is a stone staircase leading down here.
Casting: Sticky Flame (slightly dangerous; 22% risk of failure)
Confirm with . or Enter, or press ? or * to list all spells.
Aiming: Sticky Flame (slightly dangerous; 22% risk of failure)
Press: ? - help, Shift-Dir - straight line, f - Grinder
Aim: Grinder The sticky flame hits Grinder!
Grinder is lightly wounded.
Grinder is covered in liquid flames!
Grinder burns!
Grinder hits you!
* * * LOW HITPOINT WARNING * * *
You writhe in agony.
You die...

###§§....§..#.
##§§...§.##
##...§§##
##...## #...#
##.## #.#
##########.#
##5@........#
#P.P#..######
##.###.#
##P#...#P.#
#....>....#
#.P#.§.#P##
#..###.####
#.. .P.P #.
###..


You could see Grinder (burning).

Vanquished Creatures
  A scorpion (D:4)
  2 worker ants (D:4)
  4 adders
  A worm (D:2)
  3 dart slugs
  A leopard gecko (D:2)
  7 orcs
  3 ball pythons
  10 bats
  3 giant cockroaches
  6 goblins
  7 hobgoblins
  8 jackals
  3 quokkas
  7 frilled lizards
  10 kobolds
  6 rats
82 creatures vanquished.

Notes
Turn   | Place    | Note
-------+----------+-------------------------------------------
     0 | D:1      | Meegle the Deep Elf Fire Elementalist began the quest for
                  | the Orb.
     0 | D:1      | Reached XP level 1. HP: 10/10 MP: 6/6
   385 | D:1      | Reached XP level 2. HP: 9/15 MP: 0/8
  1032 | D:1      | Reached XP level 3. HP: 19/19 MP: 7/9
  1058 | D:1      | Learned a level 2 spell: Throw Flame
  1062 | D:1      | Learned a level 3 spell: Conjure Flame
  1809 | D:2      | Noticed a sky beast
  2200 | D:2      | Reached XP level 4. HP: 21/24 MP: 4/11
  3208 | D:3      | HP: 1/24 [orc/+0 short sword (2)]
  4051 | D:4      | Reached XP level 5. HP: 12/28 MP: 5/13
  4285 | D:4      | Learned a level 4 spell: Sticky Flame
  4372 | D:4      | Found a shadowy altar of Dithmenos.
  4444 | D:4      | Found a staircase to the Ecumenical Temple.
  4447 | D:4      | Noticed Grinder
  4450 | Temple   | Entered the Ecumenical Temple
  4548 | Temple   | Became a worshipper of Vehumet
  4648 | D:4      | HP: 1/28 [Grinder (11)]
  4648 | D:4      | Slain by Grinder

Skill      XL: |  1  2  3  4 |
---------------+-------------+-----
Dodging        | 3 |  3.4
Fire Magic     | 4 |  4.9
Conjurations   | 2 |  2.8
Spellcasting   | 4 |  4.8
Fighting       | |  0.4
Stealth        | |  2.8

Action                   |  1- 3 |  4- 6 || total
-------------------------+-------+-------++-------
 Cast: Flame Tongue      |    90 |    66 ||   156
       Throw Flame       |       |     3 ||     3
       Sticky Flame      |       |     2 ||     2
  Eat: Chunk             |     4 |     6 ||    10
Armor: Robe              |    19 |     4 ||    23
Dodge: Dodged            |    48 |    20 ||    68
